 Dungeon Crawl Stone Soup version 0.29-a0-837-g174bc33 (webtiles) character file.

Game seed: 15331255144341842650

2088 PurpleRed the Thaumaturge (level 9, -9/50 HPs)
             Began as a Deep Elf Brigand on July 15, 2022.
             Was a Follower of Vehumet.
             Killed from afar by an oklob plant (19 damage)
             ... with a splash of acid
             ... on level 10 of the Dungeon.
             The game lasted 00:26:42 (3171 turns).

PurpleRed the Thaumaturge (Deep Elf Brigand)        Turns: 3171, Time: 00:26:43

Health: -9/50      AC: -3    Str:  8    XL:     9   Next: 6%
Magic:  26/35      EV: 13    Int: 21    God:    Vehumet [*.....]
Gold:   316        SH:  0    Dex: 16    Spells: 21/30 levels left

rFire   . . .      SeeInvis +   a - +4 dagger (elec)
rCold   . . .      Faith    .   (no shield)
rNeg    . . .      Spirit   .   b - +0 robe
rPois   .          Reflect  .   (no helmet)
rElec   .          Harm     .   c - +0 cloak
rCorr   .          Rampage  .   (no gloves)
Will    .....                   B - +1 pair of boots {Fly}
Stlth   +++.......              (no amulet)
HPRegen 0.16/turn               m - ring of see invisible
MPRegen 0.24/turn               h - ring of magical power

@: corroded, flying, very slightly contaminated
A: no striking features
a: Renounce Religion


You were on level 10 of the Dungeon.
You worshipped Vehumet.
Vehumet was aware of your devotion.
You visited 2 branches of the dungeon, and saw 11 of its levels.
You also visited: Sewer.

You collected 316 gold pieces.

Inventory:

Hand Weapons
 a - a +4 dagger of electrocution (weapon)
 f - a +0 war axe
 n - a +1 whip of venom
 t - a +1 sling of flaming
 y - a +4 dagger of distortion
Missiles
 d - 4 poisoned darts (quivered)
 A - a curare-tipped dart
Armour
 b - a +0 robe (worn)
 c - a +0 cloak (worn)
 B - a +1 pair of boots of flying (worn)
Jewellery
 h - a ring of magical power (right hand)
 m - a ring of see invisible (left hand)
Wands
 u - a wand of iceblast (3)
 w - a wand of quicksilver (7)
 z - a wand of polymorph (4)
Scrolls
 j - 2 scrolls of teleportation
 k - a scroll of summoning
 r - a scroll of magic mapping
Potions
 g - 2 potions of curing
 i - 3 potions of heal wounds
 l - 2 potions of attraction
 o - a potion of flight
 p - 3 potions of might {unknown}
 q - 4 potions of resistance {unknown}
 s - 2 potions of magic {unknown}
 x - 2 potions of haste


   Skills:
 - Level 3.0 Fighting
 - Level 2.0 Short Blades
 - Level 2.0 Throwing
 - Level 4.0 Dodging
 - Level 4.8 Stealth
 + Level 11.3 Spellcasting
 + Level 5.0 Conjurations
 + Level 5.0 Fire Magic


You had 21 spell levels left.
You knew the following spells:

 Your Spells              Type           Power      Damage    Failure   Level
a - Scorch                Fire           64%        2d8       1%          2
b - Flame Wave            Conj/Fire      32%        2d8       8%          4
c - Mephitic Cloud        Conj/Pois/Air  18%        N/A       9%          3

Your spell library contained the following spells:

 Spells                   Type           Power      Damage    Failure   Level
 Shock                    Conj/Air       88%        1d8       1%          1
 Magic Dart               Conj           100%       1d8       1%          1
 Call Imp                 Summ           11%        N/A       9%          2
 Sublimation of Blood     Necr           11%        N/A       9%          2
 Gell's Gravitas          Tloc           11%        N/A       17%         3
 Lesser Beckoning         Tloc           11%        N/A       17%         3
 Teleport Other           Tloc           11%        N/A       17%         3
 Petrify                  Tmut/Erth      11%        N/A       50%         4
 Irradiate                Conj/Tmut      11%        3d15      50%         5
 Summon Cactus Giant      Summ           5%         N/A       100%        6


Dungeon Overview and Level Annotations

Branches:
Dungeon (10/15)            Temple (1/1) D:5            Lair (0/6) D:10
  Sewer (visited)
    Orc: D:9-12

Altars:
Dithmenos
Fedhas
Gozag
Kikubaaqudgha
Makhleb
Nemelex Xobeh
Okawaru
Vehumet
Xom
Yredelemnul
The Shining One

Shops:
D:9 :

Annotations:
D:6 1 runed translucent door, Crazy Yiuf
D:10 exclusion: oklob plant


Message History

A kobold comes into view. It is wielding a +0 dagger.
The helpless oklob plant fails to defend itself.
You impale the oklob plant!!
The oklob plant is heavily damaged.
Casting: Scorch (safe; 1% risk of failure)
Confirm with . or Enter, or press ? or * to list all spells.
Flames lash the oklob plant.
The oklob plant is severely damaged.
The oklob plant's fire resistance burns away.
The kobold shouts!
You hear a shout! x2
Casting: Scorch (safe; 1% risk of failure)
Confirm with . or Enter, or press ? or * to list all spells.
Flames lash the oklob plant.
The oklob plant is burned terribly!
The oklob plant is severely damaged.
The oklob plant spits acid at you. The splash of acid hits you!
The acid corrodes you!
Casting: Scorch (safe; 1% risk of failure)
Confirm with . or Enter, or press ? or * to list all spells.
You miscast Scorch.
You are very lightly contaminated with residual magic.
Nothing appears to happen.
The oklob plant spits acid at you. The splash of acid hits you!!
* * * LOW HITPOINT WARNING * * *
The acid corrodes you!
Casting: Scorch (safe; 1% risk of failure)
Confirm with . or Enter, or press ? or * to list all spells.
Flames lash the oklob plant.
The oklob plant is burned terribly!
The oklob plant is almost destroyed.
You hear a shout! x2
A kobold brigand comes into view.
It is wielding a +0 whip and quivering poisoned darts.
Casting: Scorch (safe; 1% risk of failure)
Confirm with . or Enter, or press ? or * to list all spells.
Flames lash the kobold.
You kill the kobold!
Vehumet accepts your kill.
You hear a shout!
The oklob plant spits acid at you. The splash of acid hits you!!
You die...

.#... K#### # ....
...≈. .#... . ...
#...#.... ....
...##.).##........
#..PPPP...#......
#≈.PP>PP.≈#......
...PPPP@.#...... .
.##PPP##........
....#...#.........
#...≈...#.......
...#######........
..#........######
.................
.................
#######..........


You could see an oklob plant (combustible) and a kobold brigand.

Vanquished Creatures
  Psyche (D:8)
  A blink frog (D:8)
  A water moccasin (D:7)
  An ogre (D:5)
  4 bullfrogs
  4 necrophages
  A gnoll sergeant (D:8)
  2 scorpions
  A howler monkey (D:5)
  4 jellies (Sewer)
  2 orc priests
  Jessica (D:3)
  5 iguanas
  2 orc wizards
  15 gnolls
  A river rat (D:3)
  11 adders
  3 worms
  A dart slug (D:5)
  22 orcs
  6 ball pythons
  A bat (D:1)
  10 endoplasms
  5 giant cockroaches
  6 goblins
  4 hobgoblins
  6 jackals
  4 kobolds
  3 quokkas
  3 frilled lizards
  6 rats
137 creatures vanquished.

Vanquished Creatures (collateral kills)
  An endoplasm (D:4)
1 creature vanquished.

Vanquished Creatures (others)
  2 plants (D:7)
2 creatures vanquished.

Grand Total: 140 creatures vanquished

Notes
Turn   | Place    | Note
-------+----------+-------------------------------------------
     0 | D:1      | PurpleRed the Deep Elf Brigand began the quest for the Orb.
     0 | D:1      | Reached XP level 1. HP: 12/12 MP: 3/3
    56 | D:1      | Reached skill level 1 in Spellcasting
   153 | D:1      | Reached XP level 2. HP: 12/17 MP: 6/6
   229 | D:1      | Reached skill level 2 in Spellcasting
   252 | D:1      | Found a faded altar of an unknown god.
   381 | D:2      | Reached XP level 3. HP: 7/22 MP: 9/9
   400 | D:2      | Reached skill level 3 in Spellcasting
   534 | D:3      | Reached XP level 4. HP: 8/27 MP: 11/11
   537 | D:3      | Learned a level 2 spell: Scorch
   609 | D:3      | Noticed Jessica
   614 | D:3      | Killed Jessica
   615 | D:3      | Reached skill level 1 in Fire Magic
   764 | D:3      | Found a glowing drain.
   794 | D:3      | Reached skill level 4 in Spellcasting
   819 | Sewer    | Entered a sewer
   863 | Sewer    | Reached XP level 5. HP: 29/31 MP: 13/13
   995 | Sewer    | Found a viscous altar of Jiyva.
  1000 | Sewer    | Reached skill level 5 in Spellcasting
  1036 | Sewer    | Reached XP level 6. HP: 14/36 MP: 11/15
  1253 | D:4      | Found a basalt altar of Yredelemnul.
  1280 | D:4      | Reached skill level 6 in Spellcasting
  1481 | D:4      | Learned a level 4 spell: Flame Wave
  1593 | D:5      | Entered Level 5 of the Dungeon
  1601 | D:5      | Reached XP level 7. HP: 40/40 MP: 12/19
  1610 | D:5      | Reached skill level 7 in Spellcasting
  1610 | D:5      | Reached skill level 5 in Fire Magic
  1630 | D:5      | Reached skill level 8 in Spellcasting
  1702 | D:6      | Found a runed translucent door.
  1703 | D:6      | Noticed Crazy Yiuf
  1808 | D:5      | Noticed a wyvern
  1938 | D:5      | Found a staircase to the Ecumenical Temple.
  1957 | D:5      | Reached skill level 9 in Spellcasting
  1962 | Temple   | Entered the Ecumenical Temple
  1977 | Temple   | Became a worshipper of Vehumet
  2329 | D:6      | Reached skill level 1 in Conjurations
  2329 | D:6      | Reached XP level 8. HP: 41/45 MP: 18/23
  2573 | D:8      | Noticed Psyche
  2580 | D:8      | Killed Psyche
  2624 | D:7      | Reached skill level 10 in Spellcasting
  2724 | D:7      | Reached * piety under Vehumet
  2724 | D:7      | Offered knowledge of Shock by Vehumet.
  2974 | D:7      | Learned a level 3 spell: Mephitic Cloud
  2977 | D:8      | Noticed a blink frog
  2977 | D:8      | a basilisk changed into a blink frog
  2982 | D:8      | Killed a blink frog
  2983 | D:8      | Reached skill level 11 in Spellcasting
  2983 | D:8      | Reached XP level 9. HP: 50/50 MP: 26/26
  3018 | D:9      | Reached skill level 5 in Conjurations
  3078 | D:9      | Found Woafubb's Tremendous Tomes.
  3150 | D:10     | Entered Level 10 of the Dungeon
  3157 | D:10     | Found a staircase to the Lair.
  3158 | D:10     | Noticed an oklob plant
  3171 | D:10     | Killed from afar by an oklob plant

Illustrated notes

Levels and vault maps discovered:
D:1:      mainiacjoe_arrival_reflecting_pool, layout_loops_ring,
          dreamdust_ecumenical_altar_angels_and_demons, minmay_surrounded
D:2:      cheibrodos_pilgrimage, layout_basic, hex_tiny
D:3:      layout_loops_ring, portal_sewer_entry_a, uniq_jessica
D:4:      layout_basic, mainiacjoe_overflow_paths, grunt_ministairs_7
D:5:      layout_rooms, minmay_temple_entry_trees, lightli_corner_chamber
D:6:      layout_loops_corners, hangedman_decor_push, uniq_crazy_yiuf_cottage
D:7:      corexii_shantytown, layout_basic
D:8:      layout_cave_pods, disabler_island, uniq_psyche
D:9:      nzn_winding_woodlands_large [nzn_winding_woodlands_5x5_three,
          nzn_winding_woodlands_5x15_pathside_ponds,
          nzn_winding_woodlands_5x5_checkerboard,
          nzn_winding_woodlands_center_triple_pond,
          nzn_winding_woodlands_15x15_killbox,
          nzn_winding_woodlands_center_pierced_h,
          nzn_winding_woodlands_5x5_default, nzn_winding_woodlands_5x15_parted,
          nzn_winding_woodlands_5x5_closed_star], layout_loops_ring,
          nicolae_shop_i_like_big_books
D:10:     layout_irregular_city, nicolae_overflow_hidden_temple,
          dpeg_oklobed_lair, uniq_amaemon, uniq_lodul, uniq_harold,
          uniq_erolcha, uniq_maggie
Temple:   compressed_dpeg_triangle_lava_temple

Skill      XL: |  1  2  3  4  5  6  7  8  9 |
---------------+----------------------------+-----
Spellcasting   | 1 2 3 4 5 6 9 11 | 11.3
Fighting       | 2 3 |  3.0
Fire Magic     | 2 3 4 5 |  5.0
Conjurations   | 1 4 5 |  5.0
Dodging        | 4 |  4.0
Short Blades   | |  2.0
Throwing       | |  2.0
Stealth        | |  4.8

Action                   |  1- 3 |  4- 6 |  7- 9 || total
-------------------------+-------+-------+-------++-------
Melee: Dagger            |    84 |    77 |    33 ||   194
       War axe           |     4 |       |       ||     4
 Fire: Sling             |       |       |     9 ||     9
Throw: Dart              |    31 |    22 |    13 ||    66
 Cast: Scorch            |       |    46 |    80 ||   126
Evoke: Wand              |       |       |     8 ||     8
  Use: Scroll            |       |     5 |    12 ||    17
       Potion            |       |       |     2 ||     2
 Stab: Sleeping          |     5 |     2 |     9 ||    16
Armor: Robe              |     5 |    13 |     6 ||    24
       Ring mail         |    29 |       |       ||    29
       Skin              |       |       |     1 ||     1
Dodge: Dodged            |    39 |    52 |    46 ||   137

Table legend: (Time is in decaauts)
 A = Elapsed time spent in this place.
 B = Non-inter-level travel time spent in this place.
 C = Inter-level travel time spent in this place.
 D = Time resting spent in this place.
 E = Time spent auto-exploring this place.
 F = Levels seen in this place.
 G = Mean time per level.
                   A        B        C        D        E       F      G
               +--------+--------+--------+--------+--------+-----+--------+
         Total |   3180 |   3101 |     79 |      0 |      0 |  12 |  265.0 |
       Dungeon |   2852 |   2773 |     79 |      0 |      0 |  10 |  285.2 |
        Temple |     30 |     30 |      0 |      0 |      0 |   1 |   30.0 |
         Sewer |    296 |    296 |      0 |      0 |      0 |   1 |  296.0 |
               +--------+--------+--------+--------+--------+-----+--------+

Top non-repeatable levels by time:
     D:3: 525 daAuts
     D:4: 519 daAuts
     D:5: 410 daAuts
     D:7: 396 daAuts
   Sewer: 296 daAuts
     D:6: 262 daAuts
     D:1: 248 daAuts
     D:2: 208 daAuts
     D:9: 141 daAuts
     D:8: 119 daAuts
  Temple: 30 daAuts
    D:10: 20 daAuts
